 Dungeon Crawl Stone Soup version 0.31.0-32-g396128a36d (webtiles) character file.

Game seed: 5882091474281141829

32 Silvore the Covered (level 3, 0/33 HPs)
             Began as a Minotaur Fighter on Apr 2, 2024.
             Slain by Terence
             ... wielding a +0 trident
              (6 damage)
             ... on level 2 of the Dungeon.
             The game lasted 00:00:41 (700 turns).

Silvore the Covered (Minotaur Fighter)               Turns: 700, Time: 00:00:41

Health: 0/33       AC:  7    Str: 22    XL:     3   Next: 10%
Magic:  2/2        EV:  9    Int:  5    God:
Gold:   19         SH:  4    Dex:  9    Spells: 2/2 levels left

rFire   . . .        a - +0 flail
rCold   . . .        c - +0 buckler
rNeg    . . .        b - +0 scale mail
rPois   .            (helmet restricted)
rElec   .            (no cloak)
rCorr   .            (no gloves)
SInv    .            (no boots)
Will    .....        (no amulet) Stlth
                     (no ring)
HPRegen 0.25/turn    (no ring)
MPRegen 0.08/turn

%: no passive effects
@: no status effects
A: horns 2, retaliatory headbutt
a: no special abilities


You were on level 2 of the Dungeon.
You visited 1 branch of the dungeon, and saw 2 of its levels.

You collected 19 gold pieces.

Inventory:

Hand Weapons
 a - a +0 flail (weapon)
Armour
 b - a +0 scale mail (worn)
 c - a +0 buckler (worn)
Jewellery
 f - a ring of wizardry
Scrolls
 e - a scroll of teleportation {unknown}
Potions
 d - 2 potions of might


   Skills:
 + Level 4.0 Fighting
 + Level 3.2 Maces & Flails
 + Level 4.0 Armour
 + Level 0.1 Dodging
 + Level 3.9 Shields


You had 2 spell levels left.
You didn't know any spells.
Your spell library was empty.

Dungeon Overview and Level Annotations

Branches:
Dungeon (2/15)

Altars:

Annotations:
D:2 Terence


Innate Abilities, Weirdness & Mutations

You have a pair of horns on your head.
You reflexively headbutt those who attack you in melee.


Message History

You furiously retaliate!
You headbutt the ball python, but do no damage.
The ball python barely misses you.
You sock the ball python!
You kill the ball python!
Terence and an endoplasm come into view.
Terence is wielding a +0 trident and wearing a +2 chain mail of fire resistance.
Terence shouts!
The endoplasm quivers.
A quokka comes into view.
Terence barely misses you.
You closely miss Terence. Your headbutt misses Terence.
Terence hits you with a +0 trident. Terence hits you but does no damage.
You hit Terence but do no damage. You headbutt Terence, but do no damage.
Terence hits you but does no damage.
You hit Terence but do no damage. Terence hits you with a +0 trident!
You hit Terence but do no damage. Terence hits you with a +0 trident.
The quokka bites you but does no damage.
Terence closely misses you.
You closely miss Terence. Your headbutt misses Terence.
The quokka barely misses you. You furiously retaliate!
You headbutt the quokka!
You kill the quokka!
Terence barely misses you.
You hit Terence. You headbutt Terence, but do no damage.
Terence is moderately wounded.
Terence hits you but does no damage.
You barely miss Terence. You headbutt Terence.
Terence is heavily wounded.
Terence hits you with a +0 trident. Terence hits you with a +0 trident!
* * * LOW HITPOINT WARNING * * *
You hit Terence. Your headbutt misses Terence.
Terence is almost dead.
Terence barely misses you.
You hit Terence but do no damage. You headbutt Terence, but do no damage.
Terence is almost dead.
A rat comes into view.
Terence says, "Did you write a will?
You should..."
Terence hits you with a +0 trident.
You die...
Terence says, "Rest in peace."

....... #.# #.# #...#.
#.......##.# #.#####.#.
##.......##.# #.........
r........##.###.........
.........##.....<..###..
.........##..#####.###..
......J..#..............
#....@#...#...#.#.##.##
#...?†@.#...#...#.##...
#......###.###.##.#####
#..!.... ...#.....#
#.....#...#... ..#
#..... .#. .#.. ##
###### ###.###.# .. ..
..


You could see Terence, an endoplasm and a rat (wandering).

Vanquished Creatures
  4 endoplasms (D:1)
  2 giant cockroaches (D:1)
  A goblin (D:1)
  7 hobgoblins
  3 jackals (D:1)
  2 quokkas
  3 ball pythons
  A bat (D:1)
  2 frilled lizards
  3 rats (D:1)
28 creatures vanquished.

Notes
Turn   | Place    | Note
-------+----------+-------------------------------------------
     0 | D:1      | Silvore the Minotaur Fighter began the quest for the Orb.
     0 | D:1      | Reached XP level 1. HP: 19/19 MP: 0/0
    49 | D:1      | Reached XP level 2. HP: 20/27 MP: 1/1
   605 | D:2      | Reached XP level 3. HP: 33/33 MP: 2/2
   689 | D:2      | Noticed Terence
   700 | D:2      | Slain by Terence

Illustrated notes

Levels and vault maps discovered:
D:1:      dpeg_arrival_simpleton_c, layout_basic
D:2:      minmay_door_path, layout_basic, ebering_ecumenical_altar_petrified,
          serial_shops, nicolae_shop_hallway_stairs,
          minmay_misc_feat_four_crosses, st_stairs_3, kennysheep_nub,
          uniq_terence

Skill      XL: |  1  2 |
---------------+-------+-----
Armour         | 4 |  4.0
Maces & Flails | 3 |  3.2
Fighting       | 4 |  4.0
Dodging        | |  0.1
Shields        | |  3.9

Action                     || total
---------------------------++-------
  Melee: Flail             ||    64
         Headbutt          ||     9
    Use: Scroll            ||     1
 Armour: Scale mail        ||    48
  Dodge: Dodged            ||    35
  Block: Buckler           ||    14
